 Dungeon Crawl Stone Soup version 0.28-a0-556-gab23d0e057 (webtiles) character file.

Game seed: 10792718105585521787

82772 Gwenloh the Brawler (level 15, -1/149 HPs)
             Began as a Troll Fighter on Sept 27, 2021.
             Was a High Priest of Okawaru.
             Killed from afar by Azrael (28 damage)
             ... with damnation
             ... on level 14 of the Dungeon on Sept 28, 2021.
             The game lasted 01:55:38 (21701 turns).

Gwenloh the Brawler (Troll Fighter)                Turns: 21701, Time: 01:55:38

Health: -1/149     AC: 10    Str: 26    XL:     15   Next: 30%
Magic:  21/21      EV: 13    Int:  8    God:    Okawaru [*****.]
Gold:   2373       SH: 24    Dex: 28    Spells: 14/14 levels left

rFire   x . .      SeeInvis +     - Unarmed
rCold   . . .      Faith    .   m - +0 tower shield of Cocytus {rElec Regen+ Dex+4}
rNeg    . . .      Spirit   .   b - +4 troll leather armour {Snorg}
rPois   .          Reflect  +   T - +0 hat {Will+}
rElec   +          Harm     .   G - scarf {repulsion}
rCorr   +          Rampage  .   (gloves unavailable)
Will    +++..                   (boots unavailable)
Stlth   ++........              l - amulet of Suspected Treachery {Reflect Drain Will+ Regen+ Int+4 SH+5}
HPRegen 4.34/turn               t - +4 ring of evasion
MPRegen 0.17/turn               N - ring "Curr" {rF- rCorr Str-2 Dex+10 SInv}

@: studying Shields, repel missiles
A: large, unfitting armour, claws 3, regeneration 1, shaggy fur 1, tough skin 1
a: Renounce Religion, Heroism, Finesse, Duel


You were on level 14 of the Dungeon.
You worshipped Okawaru.
Okawaru was extremely pleased with you.
You visited 4 branches of the dungeon, and saw 24 of its levels.
You also visited: Bailey.

You collected 3185 gold pieces.
You spent 812 gold pieces at shops.

Inventory:

Hand Weapons
 J - the +7 whip of Tender Mercy {flame, +Blink rElec rCorr}
   (You took it off a skeletal warrior on level 15 of the Dungeon)

   It burns those it strikes, dealing additional fire damage.
   rElec:     It insulates you from electricity.
   +Blink:    It lets you blink.
   rCorr:     It protects you from acid and corrosion.
Missiles
 f - 118 poisoned darts
 h - 9 javelins
 i - 67 boomerangs (quivered)
 n - 11 large rocks
 s - 9 atropa-tipped darts
 A - 2 silver javelins
 F - 5 curare-tipped darts
Armour
 b - a +4 troll leather armour (worn) {Snorg}
 m - the +0 tower shield of Cocytus (worn) {rElec Regen+ Dex+4}
   (Okawaru gifted it to you on level 1 of the Lair of Beasts)

   Dex:       It affects your dexterity (+4).
   rElec:     It insulates you from electricity.
   Regen:     It increases your rate of health regeneration.
 G - a scarf of repulsion (worn)
 P - +0 shadow dragon scales
 T - a +0 hat of willpower (worn)
Jewellery
 l - the amulet of Suspected Treachery (around neck) {Reflect Drain Will+ Regen+ Int+4 SH+5}
   (You acquired it on level 9 of the Dungeon)

   [amulet of reflection]

   It reflects blocked missile attacks.
   Int:       It affects your intelligence (+4).
   Regen:     It increases your rate of health regeneration.
   Drain:     It drains your maximum health when unequipped.
   SH:        It affects your SH (+5).
   Will:      It increases your willpower.
 t - a +4 ring of evasion (left claw)
 B - a +6 ring of strength
 C - a ring of poison resistance
 N - the ring "Curr" (right claw) {rF- rCorr Str-2 Dex+10 SInv}
   (You acquired it on level 6 of the Lair of Beasts)

   [ring of resist corrosion]

   Str:       It affects your strength (-2).
   Dex:       It affects your dexterity (+10).
   rF:        It makes you vulnerable to fire.
   SInv:      It lets you see invisible.
   rCorr:     It protects you from acid and corrosion.
Wands
 v - a wand of paralysis (8)
 H - a wand of flame (31)
 Q - a wand of iceblast (12)
 U - a wand of digging (3)
Scrolls
 a - 2 scrolls of fear
 j - 9 scrolls of teleportation
 k - 4 scrolls of enchant weapon
 w - 4 scrolls of blinking
 y - 4 scrolls of magic mapping
 z - 4 scrolls of amnesia
 E - 2 scrolls of fog
 M - 3 scrolls of summoning
 O - a scroll of silence
 S - a scroll of identify
Potions
 c - 3 potions of might
 d - 2 potions of cancellation
 e - 6 potions of curing
 o - a potion of heal wounds
 p - a potion of invisibility
 q - 3 potions of magic
 r - 2 potions of brilliance
 u - 5 potions of haste
 x - 5 potions of berserk rage
 D - a potion of mutation {unknown}
 I - a potion of attraction {unknown}
 K - 2 potions of flight
 L - 2 potions of ambrosia
Miscellaneous
 g - a tin of tremorstones (2/2)
 R - a lightning rod (2/4)


   Skills:
 + Level 9.8 Fighting
 - Level 10.8 Throwing
 - Level 3.2 Dodging
 + Level 7.5 Shields
 + Level 16.1 Unarmed Combat
 + Level 10.0 Invocations
 - Level 10.4 Evocations


You had 14 spell levels left.
You didn't know any spells.
Your spell library contained the following spells:

 Spells                   Type           Power      Damage    Failure   Level
 Apportation              Tloc           0%         N/A       94%         1
 Magic Dart               Conj           0%         1d3       94%         1
 Ensorcelled Hibernation  Hex/Ice        0%         N/A       98%         2
 Searing Ray              Conj           0%         2d4       98%         2
 Ozocubu's Armour         Ice            0%         N/A       100%        3
 Airstrike                Air            0%         N/A       100%        4
 Fulminant Prism          Conj/Hex       0%         3d6       100%        4
 Lightning Bolt           Conj/Air       0%         1d11      100%        5
 Ozocubu's Refrigeration  Ice            0%         4d5       100%        7
 Animate Skeleton         Necr           Unusable   N/A       N/A         1
 Summon Small Mammal      Summ           Unusable   N/A       N/A         1
 Tukima's Dance           Hex            Unusable   N/A       N/A         3
 Summon Lightning Spire   Summ/Air       Unusable   N/A       N/A         4

Dungeon Overview and Level Annotations

Branches:
Dungeon (15/15)            Temple (1/1) D:4            Lair (6/6) D:11
  Swamp (0/4) Lair:4       Spider (0/4) Lair:3        Slime (0/5) Lair:6
    Orc (2/2) D:11            Elf (0/3) Orc:2        Vaults (0/5) D:13
 Bailey (visited)
 Depths: D:15

Altars:
Ashenzari
Cheibriados
Dithmenos
Elyvilon
Fedhas
Gozag
Hepliaklqana
Kikubaaqudgha
Makhleb
Nemelex Xobeh
Okawaru
Qazlal
Ru
Sif Muna
Trog
Uskayaw
Vehumet
Wu Jian
Xom
Yredelemnul
Zin
The Shining One

Shops:
D:1 [   D:9 [   D:10 *   Orc:2 [?(=

Annotations:
D:14 Azrael


Innate Abilities, Weirdness & Mutations

You are too large for most types of armour.
You have claws for hands.
Your natural rate of healing is unusually fast.
You are covered in fur. (AC +1)
You have tough skin. (AC +1)


Message History

You scratch Azrael but do no damage.
Azrael is heavily wounded.
You block the hell hound's attack. x2
Azrael hits you with a +4 scimitar of flaming!!
Azrael burns you.
You mangle Azrael!!
Azrael is almost dead.
You block the hell hound's attack. x2; The hell hound closely misses you.
You block Azrael's attack. The hell hound breathes flames at you.
The blast of flame misses you.
You completely miss Azrael.
Azrael is severely wounded.
You block the hell hound's attack. The hell hound bites you.
Azrael gestures at you.
The fireball explodes!
The fireball engulfs you! The fire burns you terribly!
* * * LOW HITPOINT WARNING * * *
The fireball engulfs the hell hound.
The hell hound completely resists.
The fireball engulfs the hell hound.
The hell hound completely resists.
The fireball engulfs Azrael.
Azrael completely resists.
You hear a shout!
The hell hound closely misses you. You block the hell hound's attack.
Azrael gestures at you.
The fireball explodes!
The fireball engulfs you!! The fire burns you terribly!
* * * LOW HITPOINT WARNING * * *
The fireball engulfs the hell hound.
The hell hound completely resists.
The fireball engulfs the hell hound.
The hell hound completely resists.
Okay, then.
Okay, then.
Blink to where?
Press: ? - help, Dir - move target
As you read the scroll of blinking, it crumbles to dust.
You feel much better. Azrael gestures at you.
The sphere of damnation explodes!
The damnation engulfs you!!!
* * * LOW HITPOINT WARNING * * *
You hear a shout!
Azrael gestures at you.
The sphere of damnation explodes!
The damnation engulfs you!!
You die...

#..# ##.## ###.....○##..... .
##..# ##..# #....R## ##... .
##...###..## #.....# .. .
......#...# #..h.## 8 8
....††....# #.h..# 8 #####....##
#....# . ##.<..## ##....# .
#......## #.....## . ##.......#
#@.....# . ##..........#........#
8
##.........................8888.8
#..............###...............
(.......#...... ###............
......##....... #...........
###.......##.. ##.. ....... #
#......####. #.. #.... #......# .
#..## #....


You could see Azrael and 2 hell hounds.

Vanquished Creatures
  Kirke (D:14)
  A ghoul (D:15)
  Snorg (D:12)
  Fannar (Lair:1)
  8 vault guards
  A boulder beetle (D:12)
  Erica (Lair:2)
  3 two-headed ogres
  7 slime creatures
  5 hydras
  5 centaur warriors
  2 catoblepae
  9 death yaks
  A deep troll shaman (Lair:6)
  Urug (D:10)
  Nergalle (Lair:4)
  An orc high priest (Orc:2)
  5 skeletal warriors
  2 lindwurms
  5 orc knights
  2 manticores
  6 orc sorcerers
  An ugly thing (D:13)
  14 elephants
  2 cyclopes
  6 black mambas
  A gargoyle (D:11)
  13 cane toads
  3 rime drakes
  9 komodo dragons
  A queen bee (D:10)
  4 jumping spiders (Lair:3)
  3 polar bears
  6 trolls
  11 blink frogs
  A shadow (D:10)
  2 wraiths
  55 yaks
  5 basilisks
  5 wyverns
  A hog (D:13)
  3 fire elementals
  3 humans (D:14)
  A steam dragon (D:7)
  4 vampire mosquitoes (Lair:4)
  5 wargs
  Edmund (D:5)
  21 water moccasins
  An acid dragon (D:11)
  30 orc warriors
  2 hell hounds (D:14)
  Duvessa (D:7)
  2 sky beasts (D:6)
  5 black bears
  An ice beast (D:5)
  3 necrophages (D:6)
  4 ogres
  11 centaurs
  13 wolves
  3 phantoms
  9 bullfrogs
  4 kobold brigands
  A wyvern zombie (D:8)
  4 scorpions
  Dowan (D:7)
  2 gnoll sergeants
  A wyvern skeleton (D:6)
  A water moccasin skeleton (D:6)
  23 killer bees
  13 wights
  5 howler monkeys
  3 electric eels
  5 centaur zombies
  2 jellies (D:2)
  16 orc priests
  2 gnoll shamans
  4 hounds
  A bullfrog skeleton (D:5)
  A centaur skeleton (D:7)
  3 iguanas
  40 orc wizards
  2 mummies (D:15)
  3 adders
  15 gnolls
  2 white imps (D:6)
  An ufetubus (D:6)
  An adder zombie (D:5)
  An adder skeleton (D:5)
  2 worms
  3 dart slugs
  76 orcs
  13 endoplasms
  2 giant cockroaches (D:4)
  9 goblins
  8 hobgoblins
  4 jackals
  4 quokkas
  4 ball pythons
  4 bats
  2 frilled lizards
  44 kobolds
  A rat (D:2)
  A bush (Lair:6)
669 creatures vanquished.

Vanquished Creatures (others)
  31 fungi
  75 plants
  11 toadstools (D:2)
  A withered plant (D:15)
118 creatures vanquished.

Grand Total: 787 creatures vanquished

Notes
Turn   | Place    | Note
-------+----------+-------------------------------------------
     0 | D:1      | Gwenloh the Troll Fighter began the quest for the Orb.
     0 | D:1      | Reached XP level 1. HP: 22/22 MP: 0/0
   121 | D:1      | Found Uto Loqeack's Antique Armour Shoppe.
   221 | D:1      | Reached XP level 2. HP: 24/29 MP: 1/1
   378 | D:1      | You fall into a shaft and drop 1 floor!
   406 | D:2      | Reached skill level 3 in Unarmed Combat
   604 | D:2      | Reached XP level 3. HP: 36/36 MP: 2/2
   753 | D:1      | Found a faded altar of an unknown god.
  1503 | D:2      | Reached skill level 4 in Unarmed Combat
  1503 | D:2      | Reached XP level 4. HP: 21/44 MP: 3/3
  1535 | D:2      | Reached skill level 1 in Throwing
  1802 | D:3      | Noticed a phantom
  1840 | D:2      | Killed a phantom
  1841 | D:2      | Reached skill level 5 in Unarmed Combat
  1841 | D:2      | Reached XP level 5. HP: 40/50 MP: 4/4
  1868 | D:3      | Noticed a phantom
  1871 | D:3      | Killed a phantom
  1872 | D:3      | Reached XP level 6. HP: 59/59 MP: 5/5
  2762 | D:4      | Found an ancient bone altar of Kikubaaqudgha.
  2923 | D:4      | Found an opulent altar of Gozag.
  2949 | D:4      | Reached skill level 6 in Unarmed Combat
  3121 | D:4      | Found a staircase to the Ecumenical Temple.
  3133 | Temple   | Entered the Ecumenical Temple
  3210 | Temple   | Became a worshipper of Warmaster Okawaru
  3859 | D:5      | Entered Level 5 of the Dungeon
  3871 | D:5      | Noticed Edmund
  3898 | D:5      | Killed Edmund
  3899 | D:5      | Reached XP level 7. HP: 39/66 MP: 6/6
  3901 | D:5      | Reached skill level 7 in Unarmed Combat
  4121 | D:5      | Reached * piety under Okawaru
  4122 | D:5      | Reached skill level 8 in Unarmed Combat
  4122 | D:5      | Reached XP level 8. HP: 74/74 MP: 7/7
  4388 | D:5      | Found a sacrificial altar of Ru.
  4927 | D:6      | Reached skill level 5 in Throwing
  4927 | D:6      | Reached skill level 9 in Unarmed Combat
  5150 | D:6      | Reached ** piety under Okawaru
  5253 | D:6      | Reached skill level 10 in Unarmed Combat
  5428 | D:6      | Reached XP level 9. HP: 80/80 MP: 8/8
  6215 | D:7      | Reached *** piety under Okawaru
  6245 | D:7      | Reached skill level 11 in Unarmed Combat
  6300 | D:7      | Noticed Duvessa
  6300 | D:7      | Noticed Dowan
  6336 | D:7      | Killed Duvessa
  6352 | D:7      | Killed Dowan
  7353 | D:8      | Reached XP level 10. HP: 83/84 MP: 9/9
  7357 | D:8      | Reached skill level 12 in Unarmed Combat
  7357 | D:8      | Reached **** piety under Okawaru
  7789 | D:9      | Noticed a two-headed ogre
  7800 | D:9      | Identified a scroll of acquirement
  7802 | D:9      | Acquired the amulet of Suspected Treachery {Reflect Drain
                  | Will+ Regen+ Int+4 SH+5}
  7831 | D:9      | Killed a two-headed ogre
  7835 | D:9      | Acquired a manual of Evocations
  7987 | D:9      | Reached skill level 1 in Evocations
  8048 | D:9      | Reached skill level 1 in Invocations
  8136 | D:9      | Found Qeoceifi's Armour Shoppe.
  8153 | D:9      | Received a gift from Okawaru
  8303 | D:10     | Entered Level 10 of the Dungeon
  8613 | D:10     | Reached ***** piety under Okawaru
  8853 | D:10     | Found Igistux's Assorted Antiques.
  8895 | D:10     | Reached XP level 11. HP: 100/100 MP: 12/12
  9031 | D:10     | Noticed Urug
  9047 | D:10     | Killed Urug
  9200 | D:10     | Found a shadowy altar of Dithmenos.
  9357 | D:11     | Noticed a two-headed ogre
  9372 | D:11     | Killed a two-headed ogre
  9372 | D:11     | Identified the +8 great sword "Imaneoll" {vorpal, rElec
                  | rCorr Int+4 Stlth+} (Okawaru gifted it to you on level 11
                  | of the Dungeon)
  9372 | D:11     | Received a gift from Okawaru
  9373 | D:11     | Reached skill level 13 in Unarmed Combat
  9535 | D:11     | Noticed a two-headed ogre
  9545 | D:11     | Killed a two-headed ogre
  9546 | D:11     | Reached skill level 5 in Fighting
  9632 | D:11     | Reached skill level 5 in Evocations
  9711 | D:11     | Found a staircase to the Lair.
 10095 | D:11     | Received a gift from Okawaru
 10151 | D:11     | Found a staircase to the Orcish Mines.
 10434 | Lair:1   | Entered Level 1 of the Lair of Beasts
 10712 | Lair:1   | Reached skill level 5 in Invocations
 10712 | Lair:1   | Reached XP level 12. HP: 113/113 MP: 14/14
 11324 | Lair:1   | Noticed Fannar
 11343 | Lair:1   | Killed Fannar
 11343 | Lair:1   | Identified the +0 tower shield of Cocytus {rElec Regen+
                  | Dex+4} (Okawaru gifted it to you on level 1 of the Lair of
                  | Beasts)
 11343 | Lair:1   | Received a gift from Okawaru
 11356 | Lair:1   | Upgraded the game from 0.28-a0-537-g3bccd9ccbf to
                  | 0.28-a0-556-gab23d0e057
 11625 | Lair:2   | Noticed a six-headed hydra
 11634 | Lair:2   | Killed a six-headed hydra
 11754 | Lair:2   | Noticed Erica
 11764 | Lair:2   | Killed Erica
 11831 | Arena    | Entered the Arena
 12298 | Lair:3   | Noticed a four-headed hydra
 12308 | Lair:3   | Killed a seven-headed hydra
 12309 | Lair:3   | Reached skill level 14 in Unarmed Combat
 12336 | Lair:3   | Reached skill level 10 in Throwing
 12844 | Lair:3   | Found a hole to the Spider Nest.
 12948 | Lair:3   | Received a gift from Okawaru
 13384 | Lair:4   | Reached XP level 13. HP: 124/124 MP: 16/16
 13471 | Lair:4   | Noticed Nergalle
 13480 | Lair:4   | Killed Nergalle
 13794 | Lair:4   | Reached ****** piety under Okawaru
 13856 | Lair:4   | Found a staircase to the Swamp.
 14376 | Lair:5   | Received a gift from Okawaru
 15317 | Lair:6   | Entered Level 6 of the Lair of Beasts
 15424 | Lair:6   | Identified the +5 falchion of Wuyklakh {vorpal, rPois rF+
                  | Str+3 Stlth-} (Okawaru gifted it to you on level 6 of the
                  | Lair of Beasts)
 15424 | Lair:6   | Received a gift from Okawaru
 15467 | Lair:6   | Acquired the ring "Curr" {rF- rCorr Str-2 Dex+10 SInv}
 15723 | Lair:6   | Found a staircase to the Slime Pits.
 15811 | Lair:6   | Received a gift from Okawaru
 15907 | Lair:6   | Received a gift from Okawaru
 15927 | Lair:6   | Reached skill level 15 in Unarmed Combat
 15931 | Lair:6   | Reached XP level 14. HP: 136/136 MP: 13/19
 15947 | Lair:6   | Received a gift from Okawaru
 16105 | Lair:6   | Found a broken altar of Ashenzari.
 16403 | Lair:6   | Reached skill level 10 in Evocations
 16482 | Lair:6   | Identified the +9 long sword "Orb Guardian's Foe"
                  | {antimagic, rElec Int+3}
 16849 | Orc:1    | Entered Level 1 of the Orcish Mines
 17590 | Orc:2    | Entered Level 2 of the Orcish Mines
 18640 | Orc:2    | Found a staircase to the Elven Halls.
 18867 | Orc:2    | Found Ciysmimu's Magic Scroll Boutique.
 18884 | Orc:2    | Found Teib's Antique Armour Boutique.
 18892 | Orc:2    | Found Wujieschu's Jewellery Shop.
 18898 | Orc:2    | Found Duasiad's Weapon Shop.
 18923 | Orc:2    | Bought a scroll of identify for 28 gold pieces
 18923 | Orc:2    | Bought a scroll of identify for 28 gold pieces
 18923 | Orc:2    | Bought a scroll of identify for 28 gold pieces
 18927 | Orc:2    | Bought a scroll of acquirement for 728 gold pieces
 18927 | Orc:2    | Acquired a manual of Shields
 19021 | Orc:2    | Reached skill level 5 in Shields
 19378 | D:12     | Noticed Snorg
 19391 | D:12     | Killed Snorg
 19672 | D:12     | Found a shimmering blue altar of Sif Muna.
 20008 | D:13     | Received a gift from Okawaru
 20042 | D:13     | Found a flagged portal.
 20069 | Bailey   | Entered a bailey
 20191 | Bailey   | Identified the +1 trident of Spring {vorpal, Dex+4}
 20372 | D:13     | You fall into a shaft and drop 2 floors!
 20372 | D:15     | Entered Level 15 of the Dungeon
 20433 | D:15     | Identified the +7 whip of Tender Mercy {flame, +Blink rElec
                  | rCorr}
 20463 | D:15     | Noticed a ghoul
 20482 | D:15     | Killed a ghoul
 20543 | D:15     | Reached XP level 15. HP: 133/148 MP: 21/21
 20920 | D:13     | Found a gate to the Vaults.
 21217 | D:13     | Reached skill level 16 in Unarmed Combat
 21588 | D:14     | Noticed Kirke
 21611 | D:14     | Killed Kirke
 21677 | D:14     | Noticed Azrael
 21683 | D:14     | Reached skill level 10 in Invocations
 21684 | D:14     | Identified the +1 robe "Ulludifa" {Will+ Str+5} (Okawaru
                  | gifted it to you on level 14 of the Dungeon)
 21684 | D:14     | Received a gift from Okawaru
 21701 | D:14     | Killed from afar by Azrael

Illustrated notes

Levels and vault maps discovered:
D:1:      lemuel_arrival_funnel, layout_basic,
          shapermc_ecumenical_altar_mp_urbaneastern, serial_shops,
          nicolae_diamond_shop
D:2:      cheibrodos_fertilizer, layout_basic
D:3:      layout_basic
D:4:      layout_basic, nicolae_gozag_cash_rules_everything_around_me,
          nicolae_overflow_hidden_temple, temple_hall
D:5:      layout_loops_ring, nicolae_ru_path_of_blood, bh_walls_and_bars,
          uniq_edmund
D:6:      minmay_inner_zag, layout_basic, chequers_serial_rivers_room_b
D:7:      layout_basic, uniq_duvessa
D:8:      layout_rooms
D:9:      layout_roguey, serial_shops, nicolae_shop_stone
D:10:     layout_loops_cross, nicolae_dithmenos_through_a_glass_darkly,
          serial_shops, kennysheep_little_box, minivault_7, uniq_urug
D:11:     layout_big_octagon, minmay_lair_entry_grove, hiddenorc1_lemuel
D:12:     layout_loops_ring, tgw_sif, uniq_snorg
D:13:     layout_rooms, erik_vaults_2, enter_bailey_5
D:14:     layout_layer_cave, hellmonk_bongcloud_opening, uniq_azrael, uniq_kirke
D:15:     grunt_enter_depths_hoard, layout_basic,
          hangedman_abyss_or_decor_stabs, serial_undead, serial_undead_c,
          serial_undead_f, serial_undead_e, serial_undead_a, serial_undead_f,
          serial_undead_f, serial_undead_a
Temple:   eino_narrow_crystal_temple
Lair:1:   layout_cave_pods, uniq_fannar
Lair:2:   layout_cave_shapes, grunt_megastairs_5, lemuel_fruit_tree,
          infiniplex_staircase_pool_2, serial_bayou_shore_a, uniq_erica
Lair:3:   layout_cave_pods, spider_nest_entry_a, grunt_megastairs_1
Lair:4:   layout_regular_city, minmay_swamp_entry_swarm, uniq_nergalle
Lair:5:   layout_gridlike, st_stairs_3
Lair:6:   grunt_lair_end_beastmaster, layout_regular_city, slime_dummy,
          basic_altar, columned_hall_lemuel, serial_bayou_shore_b
Orc:1:    layout_diamond_mine
Orc:2:    st_orc_mages, layout_diamond_mine

Skill      XL: |  1  2  3  4  5  6  7  8  9 10 11 12 13 14 15 |
---------------+----------------------------------------------+-----
Unarmed Combat | 3 4 5 6 8 10 11 12 13 14 15 16 | 16.1
Throwing       | 2 3 4 5 7 8 9 10 | 10.8
Fighting       | 4 5 7 8 9 |  9.8
Dodging        | 3 |  3.2
Evocations     | 3 6 8 9 10 | 10.4
Invocations    | 2 5 6 8 9 10 | 10.0
Shields        | 3 6 7 |  7.5

Action                   |  1- 3 |  4- 6 |  7- 9 | 10-12 | 13-15 || total
-------------------------+-------+-------+-------+-------+-------++-------
Melee: Unarmed           |    78 |    99 |   210 |   498 |   902 ||  1787
       Punch             |       |     2 |     5 |    25 |       ||    32
Throw: Stone             |    22 |    72 |    87 |    33 |       ||   214
       Dart              |       |     5 |    68 |   126 |    37 ||   236
       Javelin           |       |     3 |    20 |    57 |    69 ||   149
       Boomerang         |       |       |       |    86 |   194 ||   280
       Large rock        |       |       |       |       |     1 ||     1
Invok: Heroism           |       |       |     1 |     7 |     8 ||    16
       Finesse           |       |       |       |     3 |     8 ||    11
       Duel              |       |       |       |     1 |       ||     1
Evoke: Wand              |       |       |     1 |    20 |    38 ||    59
       Tin of tremorston |       |       |       |     2 |     2 ||     4
       Lightning rod     |       |       |       |       |    10 ||    10
  Use: Scroll            |       |     4 |       |    13 |    16 ||    33
       Potion            |       |       |       |       |     2 ||     2
 Stab: Sleeping          |       |     1 |       |       |       ||     1
       Paralysed         |       |       |     3 |     3 |       ||     6
Armor: Robe              |    24 |    14 |    21 |    33 |       ||    92
       Troll leather arm |       |       |       |    37 |   118 ||   155
Dodge: Dodged            |    41 |    41 |   108 |   240 |   261 ||   691
       Repelled          |       |       |       |     4 |     4 ||     8
Block: Other             |       |       |       |    82 |       ||    82
       Reflection        |       |       |       |     4 |    36 ||    40
       Tower shield      |       |       |       |   100 |   931 ||  1031

Table legend: (Time is in decaauts)
 A = Elapsed time spent in this place.
 B = Non-inter-level travel time spent in this place.
 C = Inter-level travel time spent in this place.
 D = Time resting spent in this place.
 E = Time spent auto-exploring this place.
 F = Levels seen in this place.
 G = Mean time per level.
                   A        B        C        D        E       F      G
               +--------+--------+--------+--------+--------+-----+--------+
         Total |  21548 |  20405 |   1143 |   1301 |  10710 |  26 |  828.8 |
       Dungeon |  12665 |  12100 |    565 |    589 |   7600 |  15 |  844.3 |
        Temple |    211 |    198 |     13 |      0 |    182 |   1 |  211.0 |
          Lair |   6361 |   6013 |    348 |    399 |   2469 |   6 | 1060.2 |
  Orcish Mines |   2027 |   1811 |    216 |    278 |    459 |   2 | 1013.5 |
        Bailey |    241 |    241 |      0 |      0 |      0 |   1 |  241.0 |
         Arena |     41 |     41 |      0 |     35 |      0 |   1 |   41.0 |
               +--------+--------+--------+--------+--------+-----+--------+

Top non-repeatable levels by time:
   Orc:2: 1587 daAuts
    D:11: 1480 daAuts
     D:6: 1367 daAuts
  Lair:6: 1245 daAuts
  Lair:3: 1101 daAuts
  Lair:4: 1086 daAuts
  Lair:5: 1054 daAuts
     D:4: 1041 daAuts
    D:10: 1030 daAuts
  Lair:1: 1023 daAuts
     D:7: 980 daAuts
     D:3: 945 daAuts
     D:2: 942 daAuts
     D:5: 929 daAuts
  Lair:2: 850 daAuts
